AoeStats
← Groove8733

Arabia

510483266Analyzed
1v1 RM · 5h ago on Oct 1, 2026· 51m 13s· 2 players
Game mode
Random Map
Map size
Tiny (2 player)
Population
200
Speed
Normal
Resources
Standard
Victory
Conquest
Starting age
Dark Age
Ending age
Imperial Age
RankedLock teamsTeams togetherTeam positionsShared explorationLock speedFull tech treeHidden civsTurbo modeCheats
Victory
Defeat
🇲🇽 Vikings · Mexico
370
+20
🇦🇺 Bohemians · Australia
464
-22
MarBaz3677
0:30 Loom
14:47 Feudal Age
15:19 Town Watch
15:16 Horse Collar
15:30 Gold Mining
15:33 Stone Mining
15:30 Double-Bit Axe
19:26 Man-at-Arms
19:51 Arson
23:33 Castle Age
24:36 Town Patrol
24:38 Heavy Plow
25:16 Gold Shaft Mining
24:54 Bow Saw
24:55 Scale Barding Armor
24:50 Scale Mail Armor
25:01 Forging
26:29 Padded Archer Armor
26:20 Fletching
25:55 Elite Skirmisher
27:31 Light Cavalry
27:34 Crossbowman
28:38 Chain Barding Armor
31:22 Murder Holes
31:10 Treadmill Crane
32:06 Leather Archer Armor
32:23 Long Swordsman
34:08 Chain Mail Armor
34:06 Squires
34:25 Masonry
34:36 Ballistics
35:16 Fortified Wall
34:57 Heated Shot
35:16 Bodkin Arrow
35:56 Iron Casting
42:08 Imperial Age
42:53 Chieftains
43:01 Bogsveigar
42:22 Elite Berserk
42:38 Sappers
43:43 Hoardings
45:14 Crop Rotation
45:48 Two-Man Saw
45:23 Plate Mail Armor
45:25 Ring Archer Armor
44:55 Bracer
46:18 Conscription
46:17 Arbalester
49:56 Blast Furnace
48:20 Two-Handed Swordsman
48:20 Pikeman
48:21 Elite Varangian Guard
48:29 Cavalier
Groove8733
7:49 Loom
10:35 Feudal Age
11:59 Wheelbarrow
20:16 Castle Age
21:43 Light Cavalry
23:23 Double-Bit Axe
30:00 Hand Cart
31:30 Bow Saw
32:43 Chemistry
32:22 Crossbowman
33:11 Padded Archer Armor
38:08 Imperial Age
39:08 Atonement
41:55 Two-Man Saw
41:45 Wagenburg Tactics
44:01 Scale Barding Armor
44:11 Leather Archer Armor
43:46 Fletching
44:07 Forging
43:57 Scale Mail Armor
44:22 Bombard Tower
44:29 Ballistics
47:45 Hussite Reforms
48:03 Conscription
47:04 Elite Hussite Wagon
Connection lost

Rejoining the realm…

Still unreachable

The connection could not be restored.

Session expired

The server has moved on; the page needs a fresh start.